APL (24 & UNDER)
NANTUCKET ORCAS @ BEAVERTON BRONZE SOULS
09/05/2029
 
TOP OF THE 1ST
Nantucket Orcas batting - Pitching for Beaverton Bronze Souls : RHP Esteve Gabirra
Pitching: RHP Esteve Gabirra
Batting: RHB Charlie Pérez 0-0: Ball
1-0: Foul Ball, location: 2F
1-1: Called Strike
1-2: Ground out 6-3 (Groundball, 6)
Batting: RHB Demetrio Inrouville 0-0: Fly out, F8 (Flyball, 8RD)
Batting: LHB Eugene Lee 0-0: Called Strike
0-1: Swinging Strike
0-2: Strikes out swinging
Top of the 1st over - 0 runs, 0 hits, 0 errors, 0 left on base; Nantucket 0 - Beaverton 0
BOTTOM OF THE 1ST
Beaverton Bronze Souls batting - Pitching for Nantucket Orcas : RHP Bo Wagner
Pitching: RHP Bo Wagner
Batting: RHB Pedro Rivera 0-0: Called Strike
0-1: Foul Ball, location: 2F
0-2: Ground out 3-1 (Groundball, 34)
Batting: RHB Nathan Smith 0-0: Called Strike
0-1: Swinging Strike
0-2: Ground out 5-3 (Groundball, 56S)
Batting: LHB Balduíno Bruschy 0-0: Foul Ball, location: 2F
0-1: Ball
1-1: Swinging Strike
1-2: Ball
2-2: Ball
3-2: SOLO HOME RUN (Flyball, 89XD), Distance : 384 ft
Batting: RHB Vernon Harris 0-0: Ball
1-0: Ball
2-0: Ball
3-0: Called Strike
3-1: Foul Ball, location: 2F
3-2: Base on Balls
Batting: LHB Alonso Contreras 0-0: Called Strike
Vernon Harris steals 2nd base
0-1: Ball
1-1: Ball
2-1: Ground out U3 (Groundball, 3)
Bottom of the 1st over - 1 run, 1 hit, 0 errors, 1 left on base; Nantucket 0 - Beaverton 1
TOP OF THE 2ND
Nantucket Orcas batting - Pitching for Beaverton Bronze Souls : RHP Esteve Gabirra
Batting: RHB Fernando Álvarez 0-0: Called Strike
0-1: Fly out, F7 (Flyball, 7S)
Batting: RHB Matt Dundee 0-0: Called Strike
0-1: Fly out, F8 (Flyball, 89D)
Batting: LHB Alfonso Vélez 0-0: Called Strike
0-1: Ball
1-1: Foul Ball, location: 2F
1-2: Ball
2-2: Strikes out looking
Top of the 2nd over - 0 runs, 0 hits, 0 errors, 0 left on base; Nantucket 0 - Beaverton 1
BOTTOM OF THE 2ND
Beaverton Bronze Souls batting - Pitching for Nantucket Orcas : RHP Bo Wagner
Batting: RHB Dan Cross 0-0: Ball
1-0: Foul Ball, location: 2F
1-1: Fly out, F6 (Line Drive, 6)
Batting: RHB Salvador Castro 0-0: Called Strike
0-1: Foul Ball, location: 2F
0-2: Ball
1-2: Ball
2-2: Ball
3-2: Foul Ball, location: 2F
3-2: Base on Balls
Batting: RHB Burt Sharp 0-0: Ball
1-0: Foul Ball, location: 2F
1-1: Foul Ball, location: 2F
1-2: Fly out, F7 (Flyball, 7D)
Batting: RHB Robbie Barnes 0-0: Foul Ball, location: 2F
0-1: Ball
1-1: Ball
Wild Pitch!
Salvador Castro to second
2-1: Ground out 6-3 (Groundball, 6)
Bottom of the 2nd over - 0 runs, 0 hits, 0 errors, 1 left on base; Nantucket 0 - Beaverton 1
TOP OF THE 3RD
Nantucket Orcas batting - Pitching for Beaverton Bronze Souls : RHP Esteve Gabirra
Batting: SHB Brock Owens 0-0: Called Strike
0-1: Ball
1-1: Ball
2-1: Ball
3-1: Base on Balls
Batting: RHB Scotty Hicks 0-0: Ball
1-0: Ball
Brock Owens steals 2nd base
2-0: Foul Ball, location: 2F
2-1: Ground out 6-3 (Groundball, 6)
Batting: RHB Luis Cruz 0-0: SINGLE (Groundball, 5S) (infield hit)
Brock Owens to third
Batting: RHB Charlie Pérez 0-0: Ball
1-0: Foul Ball, location: 2F
1-1: Fly out, F8 (Flyball, 8RXD)
Runner from 3rd tags up, SCORES, no throw
Batting: RHB Demetrio Inrouville 0-0: Ball
1-0: Called Strike
1-1: Foul Ball, location: 2F
1-2: Ball
2-2: Strikes out looking
Top of the 3rd over - 1 run, 1 hit, 0 errors, 1 left on base; Nantucket 1 - Beaverton 1
BOTTOM OF THE 3RD
Beaverton Bronze Souls batting - Pitching for Nantucket Orcas : RHP Bo Wagner
Batting: RHB Pedro Rivera 0-0: Called Strike
0-1: Foul Ball, location: 2F
0-2: Foul Ball, location: 2F
0-2: Foul Ball, location: 2F
0-2: Strikes out swinging
Batting: RHB Nathan Smith 0-0: Swinging Strike
0-1: Ball
1-1: Ball
2-1: Foul Ball, location: 2F
2-2: Strikes out swinging
Batting: LHB Balduíno Bruschy 0-0: Ball
1-0: Foul Ball, location: 2F
1-1: Ball
2-1: Foul Ball, location: 2F
2-2: Foul Ball, location: 2F
2-2: Ball
3-2: DOUBLE (Line Drive, 7LM)
Batting: RHB Vernon Harris 0-0: Ball
1-0: Ball
2-0: Swinging Strike
2-1: Ball
3-1: Ground out 5-3 (Groundball, 56S)
Bottom of the 3rd over - 0 runs, 1 hit, 0 errors, 1 left on base; Nantucket 1 - Beaverton 1
TOP OF THE 4TH
Nantucket Orcas batting - Pitching for Beaverton Bronze Souls : RHP Esteve Gabirra
Batting: LHB Eugene Lee 0-0: Called Strike
0-1: Fly out, F8 (Flyball, 8RD)
Batting: RHB Fernando Álvarez 0-0: Fly out, F8 (Flyball, 8RD)
Batting: RHB Matt Dundee 0-0: Called Strike
0-1: Foul Ball, location: 2F
0-2: Strikes out swinging
Top of the 4th over - 0 runs, 0 hits, 0 errors, 0 left on base; Nantucket 1 - Beaverton 1
BOTTOM OF THE 4TH
Beaverton Bronze Souls batting - Pitching for Nantucket Orcas : RHP Bo Wagner
Batting: LHB Alonso Contreras 0-0: Ground out 1-3 (Groundball, P)
Batting: RHB Dan Cross 0-0: Swinging Strike
0-1: Ball
1-1: Foul Ball, location: 2F
1-2: Ground out 5-3 (Groundball, 5L)
Batting: RHB Salvador Castro 0-0: Ball
1-0: Ball
2-0: Ball
3-0: Base on Balls
Batting: RHB Burt Sharp 0-0: Ball
1-0: Called Strike
1-1: Foul Ball, location: 2F
1-2: Strikes out swinging
Bottom of the 4th over - 0 runs, 0 hits, 0 errors, 1 left on base; Nantucket 1 - Beaverton 1
TOP OF THE 5TH
Nantucket Orcas batting - Pitching for Beaverton Bronze Souls : RHP Esteve Gabirra
Batting: LHB Alfonso Vélez 0-0: Ball
1-0: Ground out 4-3 (Groundball, 4)
Batting: SHB Brock Owens 0-0: Foul Ball, location: 2F
0-1: Ball
1-1: SINGLE (Line Drive, 6M)
Batting: RHB Scotty Hicks 0-0: Foul Ball, location: 2F
0-1: Ball
1-1: Ball
2-1: Ball
3-1: Called Strike
3-2: SINGLE (Line Drive, 8RS)
Brock Owens to second
Batting: RHB Luis Cruz 0-0: Ball
1-0: Swinging Strike
1-1: Foul Ball, location: 2F
1-2: Strikes out looking
Batting: RHB Charlie Pérez 0-0: Foul Ball, location: 2F
0-1: Foul Ball, location: 2F
0-2: Strikes out swinging
Top of the 5th over - 0 runs, 2 hits, 0 errors, 2 left on base; Nantucket 1 - Beaverton 1
BOTTOM OF THE 5TH
Beaverton Bronze Souls batting - Pitching for Nantucket Orcas : RHP Bo Wagner
Batting: RHB Robbie Barnes 0-0: Ball
1-0: Called Strike
1-1: Foul Ball, location: 2F
1-2: Strikes out swinging
Batting: RHB Pedro Rivera 0-0: Swinging Strike
0-1: Ball
1-1: Ball
2-1: Swinging Strike
2-2: SINGLE (Flyball, 89S)
Pitching: RHP Javier Soriano
Batting: RHB Nathan Smith 0-0: Ball
1-0: Ball
2-0: Ball
Pedro Rivera steals 2nd base
3-0: Called Strike
3-1: Fly out, F7 (Flyball, 7)
Batting: LHB Balduíno Bruschy 0-0: Fly out, F6 (Popup, P)
Bottom of the 5th over - 0 runs, 1 hit, 0 errors, 1 left on base; Nantucket 1 - Beaverton 1
TOP OF THE 6TH
Nantucket Orcas batting - Pitching for Beaverton Bronze Souls : RHP Esteve Gabirra
Batting: RHB Demetrio Inrouville 0-0: Ball
1-0: Called Strike
1-1: Ground out 5-3 (Groundball, 56S)
Batting: LHB Eugene Lee 0-0: Ball
1-0: Ball
2-0: Ball
3-0: Base on Balls
Batting: RHB Fernando Álvarez 0-0: Ball
1-0: Ball
2-0: Fly out, F7 (Flyball, 7S)
Batting: RHB Matt Dundee 0-0: Ball
Eugene Lee steals 2nd base
1-0: Ball
2-0: Ball
3-0: Foul Ball, location: 2F
3-1: Foul Ball, location: 2F
3-2: Base on Balls
Batting: LHB Alfonso Vélez 0-0: Swinging Strike
0-1: Swinging Strike
0-2: Strikes out swinging
Top of the 6th over - 0 runs, 0 hits, 0 errors, 2 left on base; Nantucket 1 - Beaverton 1
BOTTOM OF THE 6TH
Beaverton Bronze Souls batting - Pitching for Nantucket Orcas : RHP Javier Soriano
Batting: RHB Vernon Harris 0-0: Called Strike
0-1: Ball
1-1: Called Strike
1-2: Foul Ball, location: 2F
1-2: Strikes out swinging
Batting: LHB Alonso Contreras 0-0: Ball
1-0: Foul Ball, location: 2F
1-1: Ball
2-1: Called Strike
2-2: Ball
3-2: Foul Ball, location: 2F
3-2: Base on Balls
Batting: RHB Dan Cross 0-0: SINGLE (Groundball, 6MD)
Alonso Contreras to second
Batting: RHB Salvador Castro 0-0: Ball
1-0: Ball
2-0: Ball
3-0: Base on Balls
Alonso Contreras to third
Dan Cross to second
Batting: RHB Burt Sharp 0-0: Ball
1-0: Swinging Strike
1-1: Ball
2-1: Foul Ball, location: 2F
2-2: Ball
3-2: Base on Balls
Alonso Contreras scores
Dan Cross to third
Salvador Castro to second
Batting: RHB Robbie Barnes 0-0: Called Strike
0-1: Ball
1-1: Ball
2-1: Ball
3-1: Fielders Choice at 2nd, 6-4 (Groundball, 6)
Dan Cross scores
Salvador Castro to third
Batting: RHB Pedro Rivera 0-0: Ball
1-0: Foul Ball, location: 2F
1-1: Ball
2-1: Foul Ball, location: 2F
2-2: Ball
3-2: SINGLE (Groundball, 6M) (infield hit)
Salvador Castro scores
Robbie Barnes to second
Pitching: LHP Stanley Wise
Batting: RHB Nathan Smith 0-0: Called Strike
0-1: SINGLE (Line Drive, 34D)
Robbie Barnes to third
Pedro Rivera to second
Runner from 3rd tries for Home, SAFE, no throw
Batting: LHB Balduíno Bruschy 0-0: Swinging Strike
0-1: Ball
1-1: Called Strike
Pedro Rivera steals 3rd base
1-2: Ball
2-2: Ball
3-2: Foul Ball, location: 2F
3-2: Strikes out swinging
Bottom of the 6th over - 4 runs, 3 hits, 0 errors, 2 left on base; Nantucket 1 - Beaverton 5
TOP OF THE 7TH
Nantucket Orcas batting - Pitching for Beaverton Bronze Souls : RHP Esteve Gabirra
Batting: SHB Brock Owens 0-0: Called Strike
0-1: Ball
1-1: Foul Ball, location: 2F
1-2: Fly out, F8 (Flyball, 8RD)
Batting: RHB Scotty Hicks 0-0: Ball
1-0: Ball
2-0: Foul Ball, location: 2F
2-1: Ball
3-1: Base on Balls
Batting: RHB Luis Cruz 0-0: Fielders Choice at 2nd, 4-6 (Groundball, 34)
Batting: RHB Charlie Pérez 0-0: Called Strike
Luis Cruz steals 2nd base
0-1: Ball
1-1: SINGLE (Groundball, 6MD)
Luis Cruz to third
Runner from 3rd tries for Home, SAFE, throw made home
Pitching: RHP Dustin Koen
Now in CF: Manuel Félix
Batting: RHB Demetrio Inrouville 0-0: Ball
1-0: Foul Ball, location: 2F
1-1: Called Strike
Charlie Pérez steals 2nd base
1-2: Foul Ball, location: 2F
1-2: Ball
2-2: Foul Ball, location: 2F
2-2: SINGLE (Line Drive, 9S)
Charlie Pérez to third
Runner from 3rd tries for Home, SAFE, no throw
Batting: LHB Eugene Lee 0-0: Called Strike
0-1: Foul Ball, location: 2F
0-2: Ground out 4-3 (Groundball, 34)
Top of the 7th over - 2 runs, 2 hits, 0 errors, 1 left on base; Nantucket 3 - Beaverton 5
BOTTOM OF THE 7TH
Beaverton Bronze Souls batting - Pitching for Nantucket Orcas : LHP Stanley Wise
Batting: RHB Vernon Harris 0-0: Ball
1-0: Ball
2-0: Called Strike
2-1: Hit by Pitch
Batting: LHB Alonso Contreras 0-0: Fly out, F5 (Line Drive, 5S)
Batting: RHB Dan Cross 0-0: SINGLE (Line Drive, 8LS)
Vernon Harris to second
Batting: RHB Salvador Castro 0-0: Foul Ball, location: 2F
0-1: Fly out, F7 (Flyball, 7LMF)
Batting: RHB Burt Sharp 0-0: Called Strike
0-1: Foul Ball, location: 2F
0-2: Fly out, F8 (Flyball, 8RD)
Bottom of the 7th over - 0 runs, 1 hit, 0 errors, 2 left on base; Nantucket 3 - Beaverton 5
TOP OF THE 8TH
Nantucket Orcas batting - Pitching for Beaverton Bronze Souls : RHP Dustin Koen
Batting: RHB Fernando Álvarez 0-0: Called Strike
0-1: Ground out 6-3 (Groundball, 6S)
Batting: RHB Matt Dundee 0-0: Ball
1-0: TRIPLE (Groundball, 3L)
Pinch Runner at 3rd Ramiro Javier:
Batting: LHB Alfonso Vélez 0-0: Ball
1-0: Foul Ball, location: 2F
1-1: Foul Ball, location: 2F
1-2: Strikes out swinging
Batting: SHB Brock Owens 0-0: Called Strike
0-1: Foul Ball, location: 2F
0-2: SINGLE (Line Drive, 78S)
Ramiro Javier scores
Pinch Hitting: LHB Dennis King 0-0: Ball
1-0: DOUBLE (Flyball, 8LD)
Brock Owens to third
Runner from 3rd tries for Home, SAFE, no throw
Pinch Hitting: RHB Juan Gómez 0-0: Ball
1-0: Ball
2-0: Ball
3-0: Base on Balls
Batting: RHB Charlie Pérez 0-0: Ball
1-0: Swinging Strike
1-1: Called Strike
1-2: SINGLE (Line Drive, 7LS)
Dennis King to third
Juan Gómez to second
Pinch Hitting: LHB Howard White 0-0: SINGLE (Groundball, 4) (infield hit)
Dennis King scores
Juan Gómez to third
Charlie Pérez to second
Batting: LHB Eugene Lee 0-0: Hit by Pitch
Juan Gómez scores
Charlie Pérez to third
Howard White to second
Pinch Hitting: RHB Arturo Sousa 0-0: Foul Ball, location: 2F
0-1: Ball
1-1: Ball
2-1: Foul Ball, location: 2F
2-2: Foul Ball, location: 2F
2-2: Strikes out swinging
Top of the 8th over - 4 runs, 5 hits, 0 errors, 3 left on base; Nantucket 7 - Beaverton 5
BOTTOM OF THE 8TH
Beaverton Bronze Souls batting - Pitching for Nantucket Orcas : LHP Stanley Wise
Now at C: Ramiro Javier
Now at 3B: Cristián Salazar
Now at SS: Armando Hernández
Now in LF: Arturo Sousa
Now in RF: Howard White
Batting: RHB Robbie Barnes 0-0: Called Strike
0-1: Ball
1-1: Ball
2-1: Fly out, F6 (Popup, 4MS)
Batting: LHB Manuel Félix 0-0: Swinging Strike
0-1: Swinging Strike
0-2: Foul Ball, location: 2F
0-2: Strikes out swinging
Batting: RHB Nathan Smith 0-0: SINGLE (Line Drive, 9LS)
Batting: LHB Balduíno Bruschy 0-0: Ball
1-0: Called Strike
1-1: Fly out, F9 (Flyball, 89M)
Bottom of the 8th over - 0 runs, 1 hit, 0 errors, 1 left on base; Nantucket 7 - Beaverton 5
TOP OF THE 9TH
Nantucket Orcas batting - Pitching for Beaverton Bronze Souls : RHP Dustin Koen
Batting: RHB Ramiro Javier 0-0: Swinging Strike
0-1: Ball
1-1: Fly out, F8 (Line Drive, 8LD)
Batting: LHB Alfonso Vélez 0-0: Foul Ball, location: 2F
0-1: Ball
1-1: Ball
2-1: Ball
3-1: SINGLE (Line Drive, 8RS)
Batting: SHB Brock Owens 0-0: Ball
1-0: Foul Ball, location: 2F
1-1: Ball
2-1: Grounds into double play, 5-4-3 (Groundball, 5D)
Top of the 9th over - 0 runs, 1 hit, 0 errors, 0 left on base; Nantucket 7 - Beaverton 5
BOTTOM OF THE 9TH
Beaverton Bronze Souls batting - Pitching for Nantucket Orcas : LHP Stanley Wise
Batting: RHB Vernon Harris 0-0: Called Strike
0-1: Ball
1-1: Swinging Strike
1-2: Strikes out swinging
Batting: LHB Alonso Contreras 0-0: Ball
1-0: Ball
2-0: Ball
3-0: Base on Balls
Batting: RHB Dan Cross 0-0: Called Strike
0-1: Grounds into double play, 6-4-3 (Groundball, 6)
Bottom of the 9th over - 0 runs, 0 hits, 0 errors, 0 left on base; Nantucket 7 - Beaverton 5
Saturday, December 16th, 2017 - OOTP Baseball 18.8 Build 76